 Dungeon Crawl Stone Soup version 0.28.0-53-g5a82cb258f (webtiles) character file.

Game seed: 3236634559496357720

194 bnorton916 the Magician (level 5, -5/28 HPs)
             Began as a Deep Elf Fire Elementalist on Aug 10, 2022.
             Killed from afar by Ijyb (13 damage)
             ... with an iceblast
             ... on level 3 of the Dungeon.
             The game lasted 00:03:04 (3817 turns).

bnorton916 the Magician (DEFE)                      Turns: 3817, Time: 00:03:05

Health: -5/28      AC:  2    Str:  5    XL:     5   Next: 44%
Magic:  6/14       EV: 12    Int: 22    God:
Gold:   109        SH:  0    Dex: 15    Spells: 8/14 levels left

rFire   . . .      SeeInvis .   m - +2 dagger (venom)
rCold   . . .      Faith    .   (no shield)
rNeg    . . .      Spirit   .   a - +0 robe
rPois   .          Reflect  .   (no helmet)
rElec   .          Harm     .   (no cloak)
rCorr   .          Rampage  .   (no gloves)
Will    .....                   (no boots)
Stlth   ++........              (no amulet)
HPRegen 0.09/turn               (no ring)
MPRegen 0.14/turn               (no ring)

@: no status effects
A: no striking features
a: no special abilities


You were on level 3 of the Dungeon.
You visited 1 branch of the dungeon, and saw 3 of its levels.

You collected 109 gold pieces.

Inventory:

Hand Weapons
 d - a +0 dagger of protection
 f - a +3 short sword
 m - a +2 dagger of venom (weapon)
 q - a +0 dagger of speed
Missiles
 c - 52 stones
 g - 4 javelins
Armour
 a - a +0 robe (worn)
Scrolls
 b - a scroll of holy word {unknown}
 e - 2 scrolls of immolation {unknown}
 i - a scroll of teleportation {unknown}
 j - a scroll of enchant armour {unknown}
 l - 2 scrolls of identify {unknown}
 n - a scroll of silence {unknown}
 o - a scroll of magic mapping {unknown}
 r - a scroll of vulnerability {unknown}
Potions
 h - a potion of flight {unknown}
 k - 3 potions of curing
 p - 2 potions of heal wounds {unknown}


   Skills:
 - Level 2.4 Dodging
 - Level 2.4 Stealth
 + Level 5.1 Spellcasting
 + Level 3.5 Conjurations
 + Level 4.7 Fire Magic


You had 8 spell levels left.
You knew the following spells:

 Your Spells              Type           Power      Damage    Failure   Level
a - Foxfire               Conj/Fire      92%        2x1d8     1%          1
b - Scorch                Fire           52%        2d8       2%          2
c - Conjure Flame         Conj/Fire      23%        6-21      5%          3

Your spell library contained the following spells:

 Spells                   Type           Power      Damage    Failure   Level
 Inner Flame              Hex/Fire       16%        N/A       12%         3
 Flame Wave               Conj/Fire      23%        2d7       19%         4


Dungeon Overview and Level Annotations

Branches:
Dungeon (3/15)

Altars:

Annotations:
D:3 Ijyb


Message History

Casting: Foxfire (safe; 1% risk of failure)
Confirm with . or Enter, or press ? or * to list all spells.
You conjure some foxfire!
The foxfire hits the giant cockroach.
You kill the giant cockroach!
Casting: Foxfire (safe; 1% risk of failure)
Confirm with . or Enter, or press ? or * to list all spells.
You conjure some foxfire!
Your foxfire dissipates!
You see here a ball python corpse.
Ijyb is nearby!
Ijyb is nearby!
Casting: Foxfire (safe; 1% risk of failure)
Confirm with . or Enter, or press ? or * to list all spells.
The spell is quite dangerous to miscast (5% risk of failure)!
Continue anyway?
Okay, then.
Casting: Conjure Flame (quite dangerous; 5% risk of failure)
Confirm with . or Enter, or press ? or * to list all spells.
The spell is quite dangerous to miscast (5% risk of failure)!
Continue anyway?
The fire begins to smoulder!
Ijyb zaps a wand.
The mass of ice explodes!
The iceblast engulfs you!
The fire ignites!
Casting: Conjure Flame (quite dangerous; 5% risk of failure)
Confirm with . or Enter, or press ? or * to list all spells.
Flames lash Ijyb.
Ijyb is lightly wounded.
Ijyb's fire resistance burns away.
Ijyb zaps a wand.
The mass of ice explodes!
The iceblast engulfs you!
* * * LOW HITPOINT WARNING * * *
Casting: Scorch (safe; 2% risk of failure)
Confirm with . or Enter, or press ? or * to list all spells.
Flames lash Ijyb.
Ijyb is burned terribly!
Ijyb is heavily wounded.
Unknown command.
Casting: Scorch (safe; 2% risk of failure)
Confirm with . or Enter, or press ? or * to list all spells.
Flames lash Ijyb.
Ijyb is burned terribly!
Ijyb is almost dead.
Ijyb zaps a wand.
The mass of ice explodes!
The iceblast engulfs you!
You die...

# #.#
#.#.#.####### #.#
#.#.#.# #.#
#.#.#.#
#.##########.#.#.#
#..............#.#
#..............#.#
#.##############.#
#.# ############.#
#.........g§.@...#
#.##############.#
### ###


You could see Ijyb (combustible).

Vanquished Creatures
  A scorpion (D:3)
  Jessica (D:3)
  3 adders
  2 dart slugs (D:1)
  4 endoplasms
  4 giant cockroaches
  6 goblins
  6 hobgoblins
  6 jackals
  13 kobolds
  5 quokkas
  5 ball pythons
  10 bats
  3 frilled lizards (D:1)
  3 rats (D:2)
72 creatures vanquished.

Vanquished Creatures (collateral kills)
  3 foxfires (D:1)
3 creatures vanquished.

Vanquished Creatures (others)
  292 foxfires
  8 plants (D:1)
300 creatures vanquished.

Grand Total: 375 creatures vanquished

Notes
Turn   | Place    | Note
-------+----------+-------------------------------------------
     0 | D:1      | bnorton916 the Deep Elf Fire Elementalist began the quest
                  | for the Orb.
     0 | D:1      | Reached XP level 1. HP: 10/10 MP: 6/6
   427 | D:1      | Found a faded altar of an unknown god.
   443 | D:1      | Reached XP level 2. HP: 15/15 MP: 2/8
  1386 | D:1      | Reached XP level 3. HP: 19/19 MP: 7/10
  1928 | D:1      | Reached skill level 4 in Spellcasting
  2443 | D:1      | Learned a level 2 spell: Scorch
  2447 | D:1      | Learned a level 3 spell: Conjure Flame
  2595 | D:2      | Reached XP level 4. HP: 24/24 MP: 6/12
  3473 | D:3      | Noticed Jessica
  3500 | D:3      | Killed Jessica
  3567 | D:3      | Noticed a scorpion
  3578 | D:3      | Killed a scorpion
  3579 | D:3      | Reached skill level 5 in Spellcasting
  3579 | D:3      | Reached XP level 5. HP: 28/28 MP: 2/14
  3708 | D:3      | Noticed Ijyb
  3817 | D:3      | Killed from afar by Ijyb

Illustrated notes

Levels and vault maps discovered:
D:1:      shiori_arrival_oz, layout_loops_corners,
          chequers_ecumenical_altar_simple_redux,
          chequers_serial_rivers_small_a, serial_bayou_ford_a
D:2:      layout_loops_ring, chequers_serial_rivers_room_b, st_stairs_6
D:3:      layout_basic, roderic_batcave, minmay_misc_feat_doors, uniq_terence,
          uniq_ijyb, uniq_jessica

Skill      XL: |  1  2  3  4 |
---------------+-------------+-----
Conjurations   | 2 3 |  3.5
Spellcasting   | 4 5 |  5.1
Fire Magic     | 4 |  4.7
Dodging        | |  2.4
Stealth        | |  2.4

Action                   |  1- 3 |  4- 6 || total
-------------------------+-------+-------++-------
 Cast: Foxfire           |   136 |    55 ||   191
       Scorch            |     2 |     8 ||    10
       Conjure Flame     |       |     2 ||     2
Armor: Robe              |     3 |     1 ||     4
Dodge: Dodged            |    15 |     7 ||    22
